 Dungeon Crawl Stone Soup version 0.27-a0-216-g1fbed8a51c (webtiles) character file.

Game seed: 7988068162683115179

21 AcesWolf the Protected (level 2, -2/30 HPs)
             Began as a Gnoll Wanderer on Jan 31, 2021.
             Slain by a gnoll
             ... wielding a +0 halberd
              (5 damage)
             ... on level 2 of the Dungeon on Feb 1, 2021.
             The game lasted 00:05:53 (1028 turns).

AcesWolf the Protected (Gnoll Wanderer)             Turns: 1028, Time: 00:05:54

Health: -2/30      AC: 21    Str: 14    XL:     2   Next: 87%
Magic:  2/2        EV:  2    Int: 10    God:
Gold:   82         SH:  4    Dex:  9    Spells: 2/2 levels left

rFire    . . .     SeeInvis .   g - -1 spear (curse)
rCold    . . .     Faith    .   h - +0 buckler
rNeg     + + +     Spirit   .   (armour currently unavailable)
rPois    +         Reflect  .   (helmet currently unavailable)
rElec    .         Harm     .   (cloak currently unavailable)
rCorr    .         Rampage  .   (gloves currently unavailable)
Will     .....     NoTele   +   (boots currently unavailable)
Stlth    ++........             (no amulet)
HPRegen  0.10/turn              (no ring)
MPRegen  0.08/turn              (no ring)

@: tree-form
A: distributed training, strong nose
a: no special abilities


You were on level 2 of the Dungeon.
You were a tree.
You visited 1 branch of the dungeon, and saw 2 of its levels.

You collected 82 gold pieces.

Inventory:

Hand Weapons
 a - a +2 hand crossbow
 g - a cursed -1 spear (weapon)
Missiles
 b - 61 bolts
Armour
 c - a +0 ring mail (melded)
 e - a +2 hat (melded)
 f - a +0 cloak (melded)
 h - a +0 buckler (worn)
Scrolls
 i - a scroll of identify


   Skills:
 + Level 0.5 Fighting
 + Level 0.5 Short Blades
 + Level 0.5 Long Blades
 + Level 4.5 Axes
 + Level 0.5 Maces & Flails
 + Level 0.5 Polearms
 + Level 0.5 Staves
 + Level 0.5 Slings
 + Level 0.5 Bows
 + Level 4.5 Crossbows
 + Level 0.5 Throwing
 + Level 8.5 Armour
 + Level 0.5 Dodging
 + Level 2.3 Stealth
 + Level 2.5 Shields
 + Level 0.5 Unarmed Combat
 + Level 0.5 Spellcasting
 + Level 0.4 Conjurations
 + Level 0.4 Hexes
 + Level 0.4 Summonings
 + Level 0.4 Necromancy
 + Level 0.4 Translocations
 + Level 0.4 Transmutations
 + Level 0.4 Fire Magic
 + Level 0.4 Ice Magic
 + Level 0.4 Air Magic
 + Level 0.4 Earth Magic
 + Level 0.4 Poison Magic
 + Level 0.7 Invocations
 + Level 0.5 Evocations


You had 2 spell levels left.
You didn't know any spells.
Your spell library was empty.

Dungeon Overview and Level Annotations

Branches:
Dungeon (2/15)

Altars:


Innate Abilities, Weirdness & Mutations

Your experience applies equally to all skills.
((You have very sharp teeth.))
Your uncanny sense of smell can sniff out nearby items.


Message History

The gnoll is severely wounded.
The gnoll barely misses you. The gnoll hits you with a +0 whip!
* * * LOW HITPOINT WARNING * * *
The gnoll hits you but does no damage.
You are too injured to fight recklessly!
You are too injured to fight recklessly!
You are too injured to fight recklessly!
You are too injured to fight recklessly!
You are too injured to fight recklessly!
You turn into a tree.
Your +0 cloak melds into your body.
Your +2 hat melds into your body.
Your +0 ring mail melds into your body.
Your roots penetrate the ground.
The gnoll hits you but does no damage. The gnoll hits you with a +0 whip.
* * * LOW HITPOINT WARNING * * *
Reach: g) -1 spear (curse)
Press: ? - help, Dir - move target, f/p - gnoll
Aim: a gnoll, wielding a +0 halberd You reach to attack!
You hit the gnoll but do no damage.
The gnoll hits you from afar with a +0 halberd.
You die...

*,***,*******************
*,*>,,,,,,,,,,,∆,,,,,,,,,
*,*,****,,,,**********### *,*,*
*,,∆,* #.. *,*,* *,,,,* #.#
*,*,* *,,,,* #.#
*.#.################# #.#
*******.....gg(...........###.#
*,,,,,,......g♣................
*,*****#########.(....###.###.#
*,* ####'##.#####.# #.# *,*
#.......#.†.).# #.# *,*
#####.....#.#.##### #.# *,*
#.........'.....#***#.# *,*****
#.(.......#.#.#.....#.# *,*,,,*
#.....†...#.#.#####.#.# *,*,,,*
#.........#.#.#,,,,,#.#


You could see 3 gnolls.

Vanquished Creatures
  A dart slug (D:1)
  2 leopard geckos (D:2)
  A ball python (D:1)
  2 goblins (D:1)
  2 hobgoblins
  2 bats (D:1)
  A frilled lizard (D:1)
  3 kobolds
  4 rats
18 creatures vanquished.

Notes
Turn   | Place    | Note
-------+----------+-------------------------------------------
     0 | D:1      | AcesWolf the Gnoll Wanderer began the quest for the Orb.
     0 | D:1      | AcesWolf set off with the following items: a +2 hand
                  | crossbow, 26 bolts, a +0 ring mail, a potion of
                  | lignification
     0 | D:1      | Reached XP level 1. HP: 13/13 MP: 1/1
   221 | D:1      | Reached XP level 2. HP: 19/19 MP: 2/2
   740 | D:2      | Upgraded the game from 0.27-a0-203-gd48b2df3c9 to
                  | 0.27-a0-216-g1fbed8a51c
  1028 | D:2      | Slain by a gnoll

Illustrated notes

Levels and vault maps discovered:
D:1:      dpeg_arrival_round_c, layout_basic
D:2:      layout_basic, grunt_decor_resistance

Action                   || total
-------------------------++-------
Melee: Spear             ||    76
       Bite              ||     6
 Fire: Hand crossbow     ||     3
  Use: Scroll            ||     3
       Potion            ||     2
 Stab: Sleeping          ||     1
Armor: Ring mail         ||    26
       Skin              ||     1
Dodge: Dodged            ||    38
Block: Buckler           ||     4

Table legend: (Time is in decaauts)
 A = Elapsed time spent in this place.
 B = Non-inter-level travel time spent in this place.
 C = Inter-level travel time spent in this place.
 D = Time resting spent in this place.
 E = Time spent auto-exploring this place.
 F = Levels seen in this place.
 G = Mean time per level.
                   A        B        C        D        E       F      G
               +--------+--------+--------+--------+--------+-----+--------+
         Total |   1034 |    885 |    149 |      5 |    716 |   2 |  517.0 |
       Dungeon |   1034 |    885 |    149 |      5 |    716 |   2 |  517.0 |
               +--------+--------+--------+--------+--------+-----+--------+

Top non-repeatable levels by time:
     D:1: 742 daAuts
     D:2: 292 daAuts
